 Dungeon Crawl Stone Soup version 0.23-a0-241-g3b46b07 (webtiles) character file.

412 Illumine the Poker (level 6, -1/51 HPs)
             Began as a Minotaur Fighter on Sept 26, 2018.
             Was an Initiate of Makhleb.
             Slain by an ogre
             ... wielding a cursed +0 giant spiked club
              (12 damage)
             ... on level 4 of the Dungeon.
             The game lasted 00:04:45 (1909 turns).

Illumine the Poker (Minotaur Fighter)               Turns: 1909, Time: 00:04:45

Health: -1/51      AC:  9    Str: 25    XL:     6   Next: 59%
Magic:  5/5        EV:  7    Int:  5    God:    Makhleb [......]
Gold:   112        SH:  9    Dex: 10    Spells: 5/5 levels left

rFire    . . .     SeeInvis .   a - +0 trident
rCold    . . .     Gourm    .   c - +0 shield
rNeg     . . .     Faith    .   b - +0 scale mail
rPois    .         Spirit   .   (helmet restricted)
rElec    .         Reflect  .   (no cloak)
rCorr    .         Harm     .   j - +1 pair of gloves (curse)
MR       .....                  (no boots)
Stlth    ..........             (no amulet)
HPRegen  0.17/turn              t - +3 ring of strength
MPRegen  0.09/turn              (no ring)

@: no status effects
A: retaliatory headbutt, horns 2
a: Renounce Religion


You were on level 4 of the Dungeon.
You worshipped Makhleb.
Makhleb was noncommittal.
You were not hungry.

You visited 1 branch of the dungeon, and saw 4 of its levels.

You collected 112 gold pieces.

Inventory:

Hand Weapons
 a - a +0 trident (weapon)
Missiles
 i - 17 sling bullets
 q - 8 needles of sleeping
Armour
 b - a +0 scale mail (worn)
 c - a +0 shield (worn)
 j - a cursed +1 pair of gloves (worn)
Jewellery
 t - a +3 ring of strength (left hand)
Wands
 n - a wand of digging (20)
 r - a wand of flame (85)
 x - a wand of disintegration (10)
Scrolls
 e - 2 scrolls of fear
 k - a scroll of identify
 m - 3 scrolls of immolation
 o - a scroll of enchant armour
 p - 2 scrolls of teleportation
Potions
 d - a potion of might
 g - a potion of curing {unknown}
 l - a potion of invisibility {unknown}
 s - a potion of mutation {unknown}
 w - 2 potions of cancellation
Comestibles
 f - 5 rations
 h - 2 chunks of flesh


   Skills:
 - Level 3.6 Fighting
 * Level 7.1 Polearms
 + Level 5.9 Armour
 - Level 3.6 Shields


You had 5 spell levels left.
You didn't know any spells.
Your spell library was empty.

Dungeon Overview and Level Annotations

Branches:
Dungeon (4/15)
 Temple: D:4-7

Altars:
Makhleb
Nemelex Xobeh
Ru
Wu Jian
Xom


Innate Abilities, Weirdness & Mutations

You reflexively headbutt those who attack you in melee.
You have a pair of horns on your head.


Message History

The howler monkey closely misses you. You furiously retaliate!
You headbutt the howler monkey!
You kill the howler monkey!
Makhleb accepts your kill.
A quokka skeleton comes into view.
You hit the ogre.
The ogre is lightly wounded.
An ooze comes into view.
The ogre hits you with a giant spiked club!
You hit the ogre. Your headbutt misses the ogre.
The ogre is moderately wounded.
You hear the slow hiss of a distant avalanche of sand.
The ogre hits you with a giant spiked club!!
* * * LOW HITPOINT WARNING * * *
You hit the ogre. Your headbutt misses the ogre.
The ogre is moderately wounded.
You hit the ogre.
The ogre is heavily wounded.
The ogre hits you with a giant spiked club!
You die...

#.... #...$ #.<.. #.... #....
**** **##### ##... ,,,* **,,...#
##...# ,,,**** ***,,*#..#
####...## ,,,,,,****,,,**#@#*
##......#, ,,,**,,,,,,,,,*#O####
#..#...†##
,,,*****,,,,..##....####....#...#
,,,,,,**,,...............#####...
,,,,,,,,,,......Z..J###### ##..
,,***,,,,,.......##.<.,,,** ###
,,,,,,,,,,..........###*,,****
*,****,,,,.......##..,,,*,,,,*
*,*****,,,....#.......,,,,,*,***


You could see an ogre, an ooze and a quokka skeleton.

Vanquished Creatures
  An ogre (D:4)
  A howler monkey (D:4)
  A crimson imp (D:3)
  An orc wizard (D:4)
  An iguana (D:4)
  Natasha (thrice) (D:2)
  3 gnolls (D:3)
  A howler monkey skeleton (D:4)
  2 oozes
  A worm (D:2)
  4 dart slugs
  A leopard gecko (D:4)
  12 orcs
  A giant cockroach (D:1)
  9 goblins
  6 hobgoblins
  4 jackals (D:3)
  4 kobolds
  2 quokkas
  A ball python (D:2)
  7 bats
  3 frilled lizards (D:2)
  3 rats
72 creatures vanquished.

Notes
Turn   | Place    | Note
-------+----------+-------------------------------------------
     0 | D:1      | Illumine the Minotaur Fighter began the quest for the Orb.
     0 | D:1      | Reached XP level 1. HP: 19/19 MP: 0/0
   218 | D:1      | Reached skill level 3 in Polearms
   261 | D:1      | Reached XP level 2. HP: 26/26 MP: 1/1
   522 | D:2      | Reached XP level 3. HP: 30/31 MP: 2/2
   580 | D:2      | Reached skill level 4 in Polearms
   641 | D:2      | Found an ornate altar of the Wu Jian Council.
   650 | D:2      | Found a sacrificial altar of Ru.
   719 | D:2      | Noticed Natasha
   728 | D:2      | Killed Natasha
   728 | D:2      | Reached XP level 4. HP: 26/39 MP: 3/3
   781 | D:2      | Noticed Natasha
   788 | D:2      | Killed Natasha
   808 | D:2      | Noticed Natasha
   817 | D:2      | Killed Natasha
   817 | D:2      | Reached skill level 5 in Polearms
   929 | D:2      | Noticed an orc warrior
  1038 | D:3      | Reached XP level 5. HP: 41/45 MP: 4/4
  1071 | D:3      | Reached skill level 5 in Armour
  1500 | D:3      | Found a sparkling altar of Nemelex Xobeh.
  1697 | D:3      | Found a shimmering altar of Xom.
  1697 | D:3      | Found a burning altar of Makhleb.
  1700 | D:3      | Reached skill level 6 in Polearms
  1789 | D:3      | Became a worshipper of Makhleb the Destroyer
  1853 | D:4      | Noticed an ogre
  1861 | D:4      | Killed an ogre
  1861 | D:4      | Reached XP level 6. HP: 51/51 MP: 5/5
  1903 | D:4      | Reached skill level 7 in Polearms
  1909 | D:4      | Slain by an ogre

Vault maps used:
D:1:      scummos_arrival_checkerplants
D:2:      grunt_temple_overflow_open, grunt_ministairs_1, uniq_natasha
D:3:      grunt_temple_overflow_champion_of_chaos,
          nemelex_xobeh_ov_fountains_minmay, first_ration
D:4:      lemuel_round_altar, dancing_weapons_uskayaw, enter_ossuary_2,
          nemelex_spade_bored_becter, uniq_blork_the_orc, uniq_menkaure,
          uniq_pikel, uniq_grinder, uniq_eustachio

Skill      XL: |  1  2  3  4  5  6 |
---------------+-------------------+-----
Polearms       | 3 4 5 6 7 |  7.1
Armour         | 4 5 |  5.9
Fighting       | |  3.6
Shields        | |  3.6

Action                   |  1- 3 |  4- 6 || total
-------------------------+-------+-------++-------
Melee: Trident           |    81 |   131 ||   212
       Headbutt          |    12 |    18 ||    30
  Use: Scroll            |       |     8 ||     8
  Eat: Chunk             |       |     2 ||     2
       Ration            |       |     1 ||     1
Armor: Scale mail        |    25 |    45 ||    70
Dodge: Dodged            |    20 |    42 ||    62
Block: Shield            |    26 |    54 ||    80

Table legend:
 A = Non-vault XP
 B = Vault XP
 C = Vault XP percentage of total XP
 D = Non-vault monster count
 E = Vault monster count
 F = Vault count percentage of total count
                 A         B        C        D         E       F
            +---------+---------+-------+---------+---------+-------
      Total |     508 |      81 |  13.8 |      70 |       2 |   2.8
            +---------+---------+-------+---------+---------+-------
        D:1 |      34 |       0 |   0.0 |      14 |       0 |   0.0
        D:2 |      95 |      35 |  26.9 |      17 |       1 |   5.6
        D:3 |     105 |      46 |  30.5 |      29 |       1 |   3.3
        D:4 |     274 |       0 |   0.0 |      10 |       0 |   0.0
            +---------+---------+-------+---------+---------+-------
